Map: Blackpink LE

Players

Kiwichi - Winner!

  • Race: Protoss Protoss
  • League: Diamond
  • Spawn Location: 1:00

Dutchkid

  • Race: Zerg Zerg
  • League: Diamond
  • Spawn Location: 7:00

VOD

Have the link to the VOD?

Description

Time

  • Played on: Nov. 25, 2017, 10:35 a.m.
  • Length: 20:13
Show
View Real Time Build Order
Export as new Build Order

Kiwichi Protoss - Winner!

Build Orders: 1 Gate Expand, Zealot Archon, Dark Templar Rush 

Get SALT Encoding   

  12  0:00  Probe  
  13  0:12  Probe  
  14  0:18  Pylon  
  14  0:25  Probe  
  15  0:37  Probe (Chrono Boost)  
  16  0:44  Gateway  
  16  0:48  Probe (Chrono Boost)  
  17  0:50  Assimilator  
  17  0:53  Probe  
  18  1:05  Probe  
  19  1:26  Nexus  
  19  1:29  Probe  
  20  1:41  Cybernetics Core  
  20  1:45  Probe  
  21  1:49  Assimilator  
  21  1:59  Pylon  
  21  2:00  Probe (Chrono Boost)  
  22  2:12  Probe (Chrono Boost)  
  23  2:18  Twilight Council  
  23  2:20  Warp Gate, Probe (Chrono Boost)  
  24  2:28  Stalker (Chrono Boost)  
  26  2:31  Probe  
  27  2:41  Probe (Chrono Boost)  
  30  2:53  Probe x2 (Chrono Boost)  
  30  2:54  Robotics Facility  
  30  2:56  Probe  
  30  2:58  Probe  
  32  3:10  Probe x2 (Chrono Boost)  
  34  3:15  Dark Shrine  
  34  3:22  Probe (Chrono Boost)  
  36  3:29  Gateway, Probe (Chrono Boost)  
  36  3:33  Probe  
  37  3:41  Immortal (Chrono Boost)  
  41  3:43  Gateway  
  41  3:48  Gateway  
  41  3:54  Probe  
  42  3:59  Assimilator, Probe  
  43  4:03  Assimilator  
  43  4:06  Probe  
  43  4:07  Pylon  
  44  4:11  Probe  
  45  4:18  Probe  
  46  4:26  Warp Prism (Chrono Boost)  
  48  4:32  Probe  
  48  4:33  Pylon  
  48  4:38  Forge  
  49  4:39  Probe  
  49  4:41  Charge (Chrono Boost)  
  49  4:44  Probe  
  51  4:51  Probe  
  51  4:52  Pylon  
  52  4:54  Gateway  
  52  4:57  Gateway  
  52  5:01  Pylon, Sentry  
  54  5:10  Immortal (Chrono Boost)  
  54  5:11  Protoss Ground Weapons Level 1 (Chrono Boost)  
  58  5:20  Dark Templar x2  
  62  5:23  Dark Templar  
  62  5:27  Dark Templar  
  66  5:45  Probe  
  66  5:47  Warp Prism  
  59  6:04  Stalker  
  59  6:05  Stalker  
  55  6:24  Probe x2  
  57  6:33  Dark Templar x2  
  57  6:34  Dark Templar  
  57  6:37  Dark Templar  
  65  6:48  Probe  
  65  6:52  Archon x2  
  66  6:54  Zealot  
  66  6:55  Zealot  
  66  6:58  Pylon  
  66  7:00  Probe  
  71  7:06  Stalker  
  73  7:19  Zealot x5  
  83  7:26  Probe  
  84  7:35  Dark Templar  
  86  7:50  Pylon  
  68  8:15  Robotics Bay  
  68  8:16  Protoss Ground Weapons Level 2 (Chrono Boost)  
  60  8:22  Zealot  
  60  8:23  Zealot x3  
  60  8:25  Nexus  
  64  8:36  Pylon  
  64  8:38  Assimilator, Probe (Chrono Boost)  
  66  8:42  Probe (Chrono Boost)  
  66  8:48  Dark Templar x2, Probe x2 (Chrono Boost)  
  72  8:50  Dark Templar x2  
  72  8:52  Archon, Probe  
  72  8:53  Dark Templar  
  72  8:54  Dark Templar  
  81  8:57  Archon  
  81  9:01  Probe  
  82  9:04  Probe  
  83  9:13  Probe  
  83  9:16  Probe  
  75  9:25  Zealot x2, Probe  
  75  9:26  Zealot x2  
  75  9:28  Probe  
  81  9:37  Probe, Zealot x2  
  70  9:48  Probe  
  71  9:55  Nexus  
  71  9:56  Probe  
  72  10:00  Extended Thermal Lance (Chrono Boost), Probe  
  72  10:05  Colossus (Chrono Boost)  
  79  10:12  Probe (Chrono Boost)  
  79  10:13  Probe (Chrono Boost)  
  81  10:21  Pylon  
  83  10:24  Probe (Chrono Boost)  
  83  10:26  Probe (Chrono Boost)  
  83  10:29  Archon  
  83  10:30  Dark Templar  
  83  10:31  Dark Templar  
  83  10:34  Protoss Ground Weapons Level 3  
  87  10:42  Sentry x2  
  97  10:44  Sentry, Colossus (Chrono Boost)  
  99  11:01  Dark Templar  
  101  11:08  Pylon  
  101  11:09  Dark Templar  
  103  11:16  Probe  
  104  11:19  Assimilator  
  104  11:25  Robotics Facility  
  104  11:27  Probe  
  104  11:31  Colossus (Chrono Boost)  
  109  11:38  Archon  
  109  11:39  Zealot x3  
  113  11:40  Zealot x2  
  113  11:44  Sentry  
  119  12:01  Nexus  
  119  12:03  Pylon  
  119  12:04  Dark Templar x2  
  119  12:05  Sentry  
  125  12:10  Archon  
  125  12:13  Gateway  
  125  12:16  Gateway  
  125  12:19  Pylon  
  125  12:20  Colossus (Chrono Boost)  
  131  12:24  Gateway  
  131  12:37  Colossus (Chrono Boost)  
  131  12:38  Probe  
  138  12:45  Pylon, Probe  
  138  12:49  Pylon  
  139  12:51  Stalker  
  139  12:52  Stalker  
  139  12:57  Pylon  
  120  13:07  Zealot x2, Stalker  
  120  13:09  Immortal  
  132  13:13  Probe (Chrono Boost)  
  132  13:18  Dark Templar  
  132  13:19  Dark Templar  
  139  13:20  Probe x2 (Chrono Boost)  
  139  13:23  Probe (Chrono Boost)  
  139  13:24  Probe x3 (Chrono Boost)  
  139  13:25  Archon  
  141  13:27  Zealot x2  
  145  13:34  Protoss Ground Armor Level 1  
  145  13:35  Zealot  
  147  13:47  Stalker x4  
  147  13:48  Stalker  
  157  13:50  Stalker  
  119  14:13  Stalker  
  119  14:14  Stalker  
  119  14:15  Immortal (Chrono Boost)  
  119  14:16  Immortal (Chrono Boost), Stalker  
  123  14:17  Stalker x2  
  123  14:20  Probe x2  
  123  14:23  Assimilator  
  129  14:25  Dark Templar  
  131  14:38  Stargate  
  131  14:40  Stargate  
  131  14:47  Dark Templar  
  131  14:49  Immortal x2 (Chrono Boost), Dark Templar  
  131  14:52  Dark Templar  
  145  15:02  Assimilator, Archon  
  145  15:03  Archon  
  145  15:05  Dark Templar x2  
  149  15:09  Archon  
  149  15:12  Blink  
  149  15:24  Immortal (Chrono Boost)  
  149  15:25  Immortal (Chrono Boost)  
  149  15:28  Void Ray (Chrono Boost)  
  161  15:31  Zealot x2  
  165  15:37  Probe x2  
  165  15:42  Pylon  
  167  15:45  Gateway  
  167  15:47  Void Ray (Chrono Boost)  
  171  15:53  Warp Prism  
  173  15:59  Void Ray (Chrono Boost)  
  173  16:01  Dark Templar x2  
  181  16:08  Warp Prism  
  183  16:14  Archon  
  183  16:16  Void Ray (Chrono Boost)  
  187  16:21  Pylon  
  187  16:23  Pylon  
  187  16:28  Gateway, Protoss Ground Armor Level 2  
  187  16:30  Gateway  
  183  16:32  Gateway  
  172  16:52  Dark Templar x4  
  172  16:53  Dark Templar  
  182  16:56  Archon x2  
  182  17:10  Stalker x4  
  134  17:44  Zealot  
  134  17:45  Zealot x5  
  134  17:48  Zealot x4  
  154  18:07  Void Ray x2  
  154  18:10  Sentry x4  
  160  18:28  Nexus  
  160  18:40  Pylon  
  160  18:43  Pylon  
  160  18:48  Stalker x5  
  164  18:50  Void Ray  
  174  18:56  Dark Templar  
  174  18:57  Dark Templar  
  174  18:58  Dark Templar  
  174  19:01  Archon  
  180  19:11  Dark Templar x3  
  182  19:41  Zealot x4  
  182  19:42  Zealot x5  
  200  19:50  Archon x2  
Show
View Real Time Build Order
Export as new Build Order

Dutchkid Zerg 

Build Orders: Hatch First 

Get SALT Encoding   

  12  0:01  Drone  
  13  0:12  Overlord  
  13  0:17  Drone  
  14  0:33  Drone x2  
  14  0:34  Drone  
  17  1:02  Hatchery  
  16  1:04  Drone  
  16  1:09  Spawning Pool  
  16  1:10  Drone  
  17  1:15  Extractor  
  17  1:16  Drone  
  17  1:22  Drone  
  18  1:30  Drone  
  19  1:42  Overlord  
  19  1:52  Drone  
  20  1:55  Queen  
  22  2:13  Queen  
  24  2:16  Drone  
  24  2:19  Hatchery  
  24  2:24  Metabolic Boost  
  24  2:26  Zergling x2  
  24  2:29  Zergling x2  
  26  2:35  Drone x2  
  28  2:38  Drone  
  29  2:45  Overlord  
  29  2:57  Queen  
  31  2:59  Queen  
  31  3:02  Drone  
  31  3:04  Drone  
  35  3:06  Drone  
  36  3:14  Drone x3  
  36  3:18  Overlord  
  39  3:20  Drone  
  40  3:38  Drone  
  40  3:39  Drone x6  
  47  3:41  Queen  
  49  3:49  Lair  
  49  3:51  Drone  
  49  3:52  Drone, Extractor  
  50  3:55  Extractor  
  50  3:57  Extractor  
  48  4:03  Drone x2  
  48  4:04  Drone x2  
  52  4:12  Drone x3  
  52  4:13  Overlord  
  55  4:17  Overlord  
  55  4:23  Extractor  
  54  4:25  Zergling x2  
  54  4:26  Zergling x6, Evolution Chamber x2  
  57  4:31  Drone  
  57  4:32  Drone, Baneling Nest  
  57  4:34  Drone  
  58  4:39  Drone x2  
  58  4:40  Drone  
  58  4:43  Drone  
  58  4:44  Drone x2  
  65  4:45  Drone  
  65  4:47  Drone  
  65  4:48  Drone  
  65  4:50  Drone  
  68  5:01  Zerg Melee Weapons Level 1  
  68  5:05  Zerg Missile Weapons Level 1  
  68  5:25  Hydralisk Den  
  68  5:26  Spore Crawler x2  
  68  5:28  Spore Crawler, Drone  
  64  5:29  Drone x9  
  73  5:48  Zergling x2  
  73  5:49  Zergling x20  
  71  5:56  Overseer  
  70  5:58  Pneumatized Carapace  
  58  6:21  Zergling x2  
  58  6:22  Zergling x10  
  58  6:23  Hatchery  
  58  6:24  Spore Crawler  
  62  6:26  Hatchery  
  61  6:33  Muscular Augments, Overlord x2  
  61  6:47  Hydralisk x2  
  61  6:48  Hydralisk  
  61  6:51  Overlord  
  61  6:53  Overlord  
  67  7:05  Drone x2  
  67  7:07  Zerg Melee Weapons Level 2  
  67  7:08  Zerg Ground Armor Level 1  
  69  7:12  Centrifical Hooks  
  69  7:19  Zergling x2  
  69  7:20  Zergling x4  
  69  7:21  Zergling x2  
  73  7:27  Infestation Pit  
  73  7:37  Hydralisk x4  
  73  7:38  Hydralisk x2  
  73  7:40  Baneling  
  73  7:41  Baneling x2  
  75  8:02  Hydralisk x6  
  80  8:12  Zergling x2  
  73  8:13  Zergling x8  
  73  8:18  Zergling x4  
  73  8:19  Zergling x2  
  80  8:25  Hive  
  80  8:30  Queen  
  80  8:32  Drone  
  83  8:50  Drone  
  83  8:51  Drone x3, Hatchery  
  83  8:52  Drone  
  87  8:55  Baneling  
  87  8:56  Baneling x3  
  87  8:57  Baneling  
  87  9:03  Hydralisk x2  
  87  9:07  Hydralisk  
  84  9:29  Zergling x2  
  84  9:30  Zergling x22  
  83  9:48  Hydralisk x5  
  81  10:06  Drone x3  
  84  10:07  Spore Crawler, Drone x3  
  84  10:08  Drone x2  
  88  10:16  Drone x4  
  92  10:26  Baneling x5  
  92  10:27  Baneling x7  
  92  10:28  Baneling x4  
  92  10:30  Hydralisk  
  94  10:37  Adrenal Glands  
  94  10:43  Ultralisk Cavern  
  94  10:47  Zerg Ground Armor Level 2  
  94  10:49  Overseer  
  93  10:50  Overseer  
  93  10:56  Queen  
  95  11:00  Drone x4  
  95  11:01  Drone  
  95  11:04  Overlord  
  100  11:07  Overlord  
  100  11:12  Drone x3  
  100  11:13  Drone  
  100  11:14  Extractor, Drone  
  100  11:18  Overlord  
  96  11:33  Drone x3  
  96  11:34  Drone x3  
  96  11:35  Drone x4  
  105  11:45  Zerg Missile Weapons Level 2  
  105  11:47  Chitinous Plating  
  105  11:53  Ultralisk  
  111  11:57  Ultralisk  
  117  12:05  Ultralisk  
  123  12:20  Hydralisk x2  
  127  12:24  Overlord x3  
  127  12:25  Overlord  
  127  12:27  Hatchery  
  126  12:33  Extractor  
  126  12:34  Extractor  
  124  12:37  Zergling x8  
  128  12:51  Spine Crawler  
  126  12:52  Spine Crawler  
  126  12:54  Ultralisk x2  
  126  12:55  Zergling x2  
  126  12:56  Zergling x8  
  134  13:11  Baneling x5  
  134  13:12  Baneling  
  128  13:16  Spire  
  128  13:17  Zergling x2, Hydralisk  
  128  13:18  Zergling x12, Hydralisk x2  
  140  13:24  Drone x2  
  140  13:25  Drone x3  
  140  13:26  Drone  
  146  13:30  Baneling x6  
  146  13:31  Baneling x2  
  146  13:39  Hydralisk x3  
  146  13:40  Hydralisk  
  154  13:42  Zergling x2  
  154  13:44  Overlord  
  154  13:46  Overlord  
  155  13:51  Queen  
  157  14:01  Zerg Ground Armor Level 3  
  137  14:08  Zergling x2  
  137  14:09  Zergling x16  
  117  14:43  Drone x6  
  117  14:44  Drone x2, Hydralisk x2  
  117  14:45  Hydralisk x7  
  143  14:46  Zergling x4  
  143  14:50  Baneling x6  
  143  14:51  Baneling x2  
  143  14:52  Baneling x2  
  145  14:59  Extractor  
  144  15:13  Zerg Melee Weapons Level 3  
  144  15:16  Zerg Flyer Weapons Level 1  
  144  15:17  Ultralisk x2  
  156  15:22  Zergling x6  
  156  15:23  Zergling x2  
  160  15:50  Overlord x5  
  160  15:51  Overlord  
  160  15:52  Overseer x2  
  158  15:59  Baneling x8  
  158  16:00  Baneling x2  
  158  16:10  Zergling x16  
  158  16:11  Zergling x4  
  168  16:12  Ultralisk x2, Hydralisk x2  
  184  16:29  Spire  
  180  16:43  Baneling x8  
  180  16:44  Baneling x5  
  180  16:52  Spore Crawler  
  179  17:06  Zerg Missile Weapons Level 3  
  179  17:10  Burrow  
  179  17:12  Extractor  
  179  17:13  Hydralisk x8  
  179  17:14  Hydralisk x3  
  176  17:34  Corruptor x7  
  176  17:35  Corruptor x3  
  128  17:46  Zergling x16  
  126  18:01  Ultralisk x2  
  114  18:22  Greater Spire  
  114  18:24  Zergling x2  
  114  18:25  Zergling x4, Ultralisk  
  123  18:28  Baneling x5  
  123  18:29  Baneling x4  
  123  18:30  Baneling  
  121  18:58  Hatchery  
  120  19:17  Hatchery  
  119  19:18  Hydralisk x5  
  124  19:36  Zergling x2  
  124  19:37  Zergling x18  
  134  19:41  Brood Lord  
  134  19:45  Brood Lord  
Tags
 
Add a new tag
Caveats
  • Supply blocks, unpowered buildings, or Contaminate may cause inaccurate times.
  • Supply counts are checked every 10 seconds.